 Dungeon Crawl Stone Soup version 0.30.1-11-g7821555f0a (webtiles) character file.

Game seed: 12268190354695429944

52 monsoonserge the Grasshopper (level 3, -4/28 HPs)
             Began as a Demonspawn Warper on Dec 11, 2023.
             Slain by a gnoll
             ... wielding a +0 halberd
              (5 damage)
             ... on level 2 of the Dungeon.
             The game lasted 00:03:10 (1350 turns).

monsoonserge the Grasshopper (Demonspawn Warper)    Turns: 1350, Time: 00:03:13

Health: -4/28      AC:  6    Str: 11    XL:     3   Next: 60%
Magic:  6/6        EV: 10    Int: 16    God:
Gold:   78         SH:  0    Dex: 12    Spells: 4/6 levels left

rFire   + . .        g - +4 spear
rCold   . . .        (no shield)
rNeg    . . .        j - +0 ring mail
rPois   .            (helmet restricted)
rElec   .            (no cloak)
rCorr   .            (no gloves)
SInv    .            (no boots)
Will    .....        (no amulet)
Stlth   +            h - ring of protection from fire
HPRegen 0.24/turn    (no ring)
MPRegen 0.10/turn

%: no passive effects
@: no status effects
A: antennae 1, rugged brown scales 1
a: no special abilities


You were on level 2 of the Dungeon.
You visited 1 branch of the dungeon, and saw 2 of its levels.

You collected 78 gold pieces.

Inventory:

Hand Weapons
 g - a +4 spear (weapon)
Missiles
 i - 7 boomerangs of dispersal (quivered)
Armour
 b - a +0 leather armour
 j - a +0 ring mail (worn)
Jewellery
 h - a ring of protection from fire (left hand)
Scrolls
 c - a scroll of blinking
 e - 2 scrolls of identify {unknown}
 f - 2 scrolls of amnesia {unknown}
 l - a scroll of poison {unknown}
Potions
 a - 2 potions of attraction {unknown}
 k - a potion of lignification {unknown}


   Skills:
 + Level 2.3 Fighting
 - Level 1.9 Maces & Flails
 + Level 0.7 Polearms
 + Level 0.8 Throwing
 * Level 1.9 Armour
 + Level 2.0 Dodging
 - Level 2.0 Spellcasting
 + Level 3.2 Translocations


You had 4 spell levels left.
You knew the following spells:

 Your Spells              Type           Power      Damage    Failure   Level
a - Blink                 Tloc           22%        N/A       21%         2

Your spell library contained the following spells:

 Spells                   Type           Power      Damage    Failure   Level
 Lesser Beckoning         Tloc           22%        N/A       21%         2
 Teleport Other           Tloc           11%        N/A       36%         3
 Vhi's Electric Charge    Tloc/Air       12%        N/A       58%         3
 Manifold Assault         Tloc           11%        N/A       78%         4


Dungeon Overview and Level Annotations

Branches:
Dungeon (2/15)

Altars:


Innate Abilities, Weirdness & Mutations

You have a pair of small antennae on your head.
You are partially covered in rugged brown scales. (AC +1, +3% HP)


Message History

The gnoll hits you from afar with a +0 halberd!
The quokka bites you but does no damage.
Reach: g) +4 spear
Press: ? - help, Dir - move target, f/p - gnoll
Aim: a gnoll, wielding a +0 halberd (severely wounded, about 31% to evade your +4 spear)
You reach to attack!
You closely miss the gnoll.
The gnoll is severely wounded.
The quokka bites you but does no damage.
The gnoll hits you from afar with a +0 halberd.
Reach: g) +4 spear
Press: ? - help, Dir - move target, f/p - gnoll
Aim: a gnoll, wielding a +0 halberd (severely wounded, about 31% to evade your +4 spear)
The quokka is in the way.
You closely miss the quokka.
The quokka bites you but does no damage.
The gnoll closely misses you.
The quokka bites you but does no damage.
Reach: g) +4 spear
Press: ? - help, Dir - move target, f/p - gnoll
Aim: a gnoll, wielding a +0 halberd (severely wounded, about 31% to evade your +4 spear)
The quokka is in the way.
You barely miss the quokka.
The gnoll hits you from afar with a +0 halberd.
The quokka bites you but does no damage.
Reach: g) +4 spear
Press: ? - help, Dir - move target, f/p - gnoll
Aim: a gnoll, wielding a +0 halberd (severely wounded, about 31% to evade your +4 spear)
The quokka is in the way.
You hit the quokka.
The quokka is heavily wounded.
The gnoll hits you from afar with a +0 halberd!
* * * LOW HITPOINT WARNING * * *
The quokka bites you.
* * * LOW HITPOINT WARNING * * *
Okay, then.
Okay, then.
Reach: g) +4 spear
Press: ? - help, Dir - move target, f/p - gnoll
Aim: a gnoll, wielding a +0 halberd (severely wounded, about 31% to evade your +4 spear)
The quokka is in the way.
You hit the quokka.
You kill the quokka!
The gnoll hits you from afar with a +0 halberd.
You die...

#.# #.# #.# #.. >..
#.# #.# .. #.# #.#
.. #.# #.# ..
###.#########.# ..
#..@.g((((.##.# ..
###.#.####.##.####..
#..................#
###.######....##....
#...###########...
###.##.# #... #.##.#
#... #.##.# #...
#.##.# #...


You could see a gnoll.

Vanquished Creatures
  A gnoll (D:2)
  2 dart slugs
  An endoplasm (D:1)
  3 giant cockroaches
  7 goblins
  3 hobgoblins
  2 quokkas (D:2)
  2 ball pythons
  7 bats
  3 frilled lizards
  4 kobolds
  3 rats
38 creatures vanquished.

Notes
Turn   | Place    | Note
-------+----------+-------------------------------------------
     0 | D:1      | monsoonserge the Demonspawn Warper began the quest for the
                  | Orb.
     0 | D:1      | Reached XP level 1. HP: 16/16 MP: 3/3
    65 | D:1      | Reached skill level 1 in Armour
   337 | D:1      | Gained mutation: You are partially covered in rugged brown
                  | scales. (AC +1, +3% HP) [demonic ancestry]
   337 | D:1      | Reached XP level 2. HP: 16/22 MP: 5/5
   475 | D:1      | Found a faded altar of an unknown god.
   516 | D:1      | Reached skill level 3 in Translocations
   956 | D:2      | Gained mutation: You have a pair of small antennae on your
                  | head. [demonic ancestry]
   956 | D:2      | Reached XP level 3. HP: 28/28 MP: 6/6
  1014 | D:2      | Learned a level 2 spell: Blink
  1349 | D:2      | HP: 1/28 [quokka (4)]
  1350 | D:2      | Slain by a gnoll

Illustrated notes

Levels and vault maps discovered:
D:1:      wander_arrival_peaceful_grave, layout_loops_corners,
          ebering_ecumenical_altar_box, nicolae_figureground_sparkle
D:2:      layout_basic, serial_co_window_serial, co_window_paths_a,
          co_window_paths_b, co_window_paths_a, co_window_corner_a,
          co_window_paths_a, co_window_broadway_b, co_window_broadway_b,
          co_window_broadway_c, co_window_broadway_a, co_window_paths_e,
          co_window_4corner_b, glass_columns_b, glass_columns_a,
          chequers_serial_rivers_room_a, minmay_misc_feat_chi, uniq_natasha

Skill      XL: |  1  2  3 |
---------------+----------+-----
Armour         | 1 |  1.9
Translocations | 3 |  3.2
Dodging        | 2 |  2.0
Fighting       | |  2.3
Maces & Flails | |  1.9
Polearms       | |  0.7
Throwing       | |  0.8
Spellcasting   | |  2.0

Action                     || total
---------------------------++-------
  Melee: Mace              ||    17
         Spear             ||    80
  Throw: Dart              ||     4
 Armour: Leather armour    ||    14
         Ring mail         ||    16
  Dodge: Dodged            ||    36
